AoeStats
← SW_Paul

Black Forest

510289527Analyzed
4v4 RM · 1d ago on Sep 30, 2026· 58m 16s· 8 players
Game mode
Random Map
Map size
Large (8 player)
Population
200
Speed
Normal
Resources
Standard
Victory
Conquest
Starting age
Dark Age
Ending age
Imperial Age
RankedLock teamsTeams togetherTeam positionsShared explorationLock speedFull tech treeHidden civsTurbo modeCheats
Victory
Defeat
🇫🇷 Danes · France
1276
+14
🇯🇵 Saxons · Japan
1258
+15
1238
+16
🇺🇿 Turks · Uzbekistan
1222
+17
🇹🇼 Vietnamese · Taiwan
1291
-19
🇨🇳 Varangians · China
1233
-15
🇨🇳 Sicilians · China
1213
-14
🇨🇳 Franks · China
1207
-14
Minister of Silly Walks
0:41 Loom
15:06 Feudal Age
15:43 Fishing Lines
19:55 Castle Age
18:52 Double-Bit Axe
18:49 Horse Collar
18:58 Fishing Lines
22:10 Wheelbarrow
21:56 Bow Saw
21:53 Gillnets
25:11 Caravan
25:44 Town Watch
26:14 Hand Cart
29:27 Fletching
29:38 Padded Archer Armor
33:15 Imperial Age
31:11 Scale Mail Armor
31:07 Bodkin Arrow
31:37 Squires
31:23 Arson
32:18 Ballistics
32:09 Masonry
32:23 Chain Mail Armor
32:18 Forging
33:55 Leather Archer Armor
34:38 Plate Mail Armor
34:10 Bracer
35:15 Chemistry
34:46 Architecture
35:28 Conscription
35:33 Silk Road
36:25 Gold Mining
36:37 Heavy Plow
37:34 Iron Casting
37:15 Leather Archer Armor
39:21 Blast Furnace
43:09 Thumb Ring
46:11 Hoardings
49:47 Onager
55:06 Elite Genoese Crossbowman
56:22 Hoardings
The REAL Pepsiman
3:41 Loom
11:56 Feudal Age
16:07 Castle Age
14:37 Double-Bit Axe
15:14 Fishing Lines
17:41 Bow Saw
19:44 Gillnets
20:38 Wheelbarrow
21:06 Gold Mining
21:11 Stone Mining
22:53 Gold Shaft Mining
25:29 Stone Shaft Mining
29:05 Imperial Age
27:44 Masonry
28:22 Hamask
29:07 Capped Ram
30:10 Conscription
29:45 Northmen's Fury
30:10 Elite Jomsviking
31:21 Siege Engineers
31:04 Horse Collar
32:26 Scale Mail Armor
32:36 Forging
32:21 Onager
33:17 Siege Ram
35:43 Chain Mail Armor
36:04 Iron Casting
39:08 Plate Mail Armor
40:05 Blast Furnace
45:01 Caravan
52:04 Squires
51:49 Arson
Maya
0:27 Loom
11:41 Feudal Age
12:18 Double-Bit Axe
15:31 Castle Age
13:19 Horse Collar
16:47 Bow Saw
24:01 Wheelbarrow
23:58 Heavy Plow
26:19 Hand Cart
26:45 Stone Mining
26:47 Gold Mining
28:07 Gold Shaft Mining
31:14 Imperial Age
28:13 Pikeman
29:53 Fortified Wall
29:25 Treadmill Crane
29:56 Masonry
29:37 Guard Tower
29:58 Forging
29:50 Scale Mail Armor
29:40 Fletching
30:04 Caravan
30:00 Elite Skirmisher
30:02 Crossbowman
30:49 Thumb Ring
30:33 Gambesons
31:30 Iron Casting
31:01 Squires
31:28 Arson
32:00 Chain Mail Armor
31:37 Fletching
32:10 Ballistics
31:47 Murder Holes
31:32 Man-at-Arms
33:19 Two-Man Saw
33:09 Conscription
32:32 Elite Varangian Guard
33:19 Town Watch
34:16 Plate Mail Armor
34:54 Chemistry
33:31 Long Swordsman
34:42 Bodkin Arrow
34:10 Arbalester
35:42 Siege Engineers
36:07 Architecture
35:35 Shield Wall
37:54 Crop Rotation
38:40 Capped Ram
39:33 Halberdier
39:35 Two-Handed Swordsman
40:13 Champion
43:50 Elite Hearth Troop
45:24 Arrowslits
46:15 Keep
45:43 Bracer
45:43 Padded Archer Armor
49:22 Town Patrol
KUBEPTYPMA
13:35 Feudal Age
18:46 Castle Age
19:55 Wheelbarrow
19:06 Double-Bit Axe
19:02 Horse Collar
19:22 Loom
19:23 Town Watch
25:29 Bow Saw
25:23 Gold Mining
31:15 Imperial Age
29:32 Caravan
30:00 Fletching
30:11 Padded Archer Armor
30:38 Ballistics
31:06 Gold Shaft Mining
33:18 Two-Man Saw
32:16 Bodkin Arrow
32:17 Stone Mining
33:37 Fortified Wall
34:34 Conscription
35:56 Leather Archer Armor
36:44 Heavy Plow
38:46 Artillery
41:30 Forging
41:25 Scale Barding Armor
42:52 Hand Cart
42:21 Treadmill Crane
43:04 Bloodlines
42:55 Husbandry
43:42 Iron Casting
43:27 Chain Barding Armor
49:09 Blast Furnace
54:38 Masonry
54:55 Bombard Tower
57:13 Plate Barding Armor
SW_Paul
12:04 Feudal Age
13:52 Loom
16:29 Castle Age
14:47 Double-Bit Axe
15:18 Horse Collar
16:30 Gold Mining
23:40 Fishing Lines
26:34 Bow Saw
27:14 Wheelbarrow
26:35 Stone Mining
30:14 Imperial Age
28:38 Stone Shaft Mining
28:10 Scale Barding Armor
28:16 Forging
29:25 Chain Barding Armor
29:31 Hand Cart
29:20 Treadmill Crane
30:18 Iron Casting
31:23 Conscription
31:40 Plate Barding Armor
31:18 Bloodlines
31:51 Heavy Plow
33:25 Blast Furnace
33:34 Chemistry
34:39 Husbandry
34:44 Elite Jarl
35:53 Fletching
36:04 Padded Archer Armor
36:27 Ballistics
36:14 Siege Engineers
37:54 Two-Man Saw
37:26 Crop Rotation
36:51 Gillnets
37:32 Bodkin Arrow
38:18 Leather Archer Armor
37:39 Elite Skirmisher
38:21 Imperial Skirmisher
39:30 Bracer
40:00 Ring Archer Armor
41:33 Scale Mail Armor
41:35 Caravan
43:49 Chain Mail Armor
44:55 Capped Ram
46:08 Siege Ram
49:06 Onager
50:15 Elite Varangian Guard
50:56 Squires
50:42 Arson
Guojiel
0:44 Loom
16:14 Feudal Age
21:40 Castle Age
21:56 Double-Bit Axe
21:58 Fishing Lines
22:40 Gillnets
24:15 Horse Collar
27:15 Wheelbarrow
30:35 Chatras
33:38 Imperial Age
31:23 Hand Cart
30:54 Town Watch
31:21 Bow Saw
30:36 Elite Skirmisher
31:23 Fletching
31:34 Padded Archer Armor
32:57 Fortified Wall
32:28 Treadmill Crane
33:33 Bodkin Arrow
33:54 Leather Archer Armor
35:28 Chemistry
34:04 Imperial Skirmisher
36:05 Two-Man Saw
36:34 Paper Money
36:35 Bracer
36:58 Ballistics
37:15 Ring Archer Armor
37:44 Heavy Plow
38:24 Masonry
39:01 Elite Cannon Galleon
42:27 Crop Rotation
41:59 Gold Mining
42:21 Scale Barding Armor
42:27 Forging
42:19 Stone Mining
44:03 Siege Engineers
44:54 Coinage
47:31 Crossbowman
48:17 Thumb Ring
50:21 Arbalester
52:41 Bombard Tower
52:20 Murder Holes
SW硬虎
10:48 Feudal Age
9:04 Loom
13:00 Double-Bit Axe
15:45 Castle Age
14:22 Gold Mining
18:05 Wheelbarrow
19:40 Fervor
22:07 Bow Saw
24:56 Hand Cart
26:56 Gold Shaft Mining
29:20 Imperial Age
27:38 Treadmill Crane
28:20 Ballistics
28:08 Scale Barding Armor
28:14 Forging
28:05 Scale Mail Armor
28:12 Scale Mail Armor
29:24 Husbandry
29:48 Chain Barding Armor
29:37 Cavalier
30:12 Town Watch
31:33 Chemistry
30:31 Murder Holes
31:36 Gold Shaft Mining
30:54 Stone Mining
31:33 Paladin
32:40 Conscription
33:17 Chivalry
34:13 Caravan
34:44 Coinage
34:44 Town Patrol
35:28 Plate Barding Armor
36:13 Scale Mail Armor
36:49 Iron Casting
36:17 Scale Mail Armor
36:51 Block Printing
38:42 Chain Mail Armor
39:28 Blast Furnace
38:45 Chain Mail Armor
39:09 Fletching
39:20 Padded Archer Armor
39:29 Siege Engineers
39:35 Fortified Wall
39:38 Masonry
40:20 Elite Skirmisher
42:04 Imperial Skirmisher
43:37 Bodkin Arrow
43:57 Leather Archer Armor
44:14 Plate Mail Armor
44:21 Ordonnance Companies
46:30 Banking
49:09 Light Cavalry
1361331795
0:35 Loom
12:43 Feudal Age
13:21 Horse Collar
19:50 Castle Age
18:19 Double-Bit Axe
24:58 Bow Saw
24:49 Heavy Plow
27:44 Wheelbarrow
31:41 Imperial Age
29:58 Stone Mining
30:01 Gold Mining
30:43 Hand Cart
30:51 Hand Cart
31:32 Gold Shaft Mining
31:33 Stone Shaft Mining
31:18 Forging
31:08 Scale Mail Armor
32:28 Ballistics
32:04 Murder Holes
32:56 Conscription
31:59 Elite Serjeant
33:32 Crop Rotation
32:40 Capped Ram
36:35 Chemistry
35:21 Arrowslits
35:32 Pikeman
39:10 Iron Casting
38:51 Chain Mail Armor
41:05 Blast Furnace
40:48 Fletching
43:00 Plate Mail Armor
44:41 Siege Engineers
45:11 Elite Skirmisher
47:05 Caravan
47:44 Bodkin Arrow
47:30 Onager
47:40 Imperial Skirmisher
Connection lost

Rejoining the realm…

Still unreachable

The connection could not be restored.

Session expired

The server has moved on; the page needs a fresh start.